 Dungeon Crawl Stone Soup version 0.31-a0-369-g8eba5f6939 (webtiles) character file.

Game seed: 6308593486510235082

7508 juan097 the Fighter (level 11, -1/107 (115) HPs)
             Began as an Ogre Shapeshifter on July 28, 2023.
             Was a Priest of Ru.
             Slain by a kobold brigand
             ... wielding a +0 short sword
              (5 damage)
             ... on level 11 of the Dungeon.
             The game lasted 00:26:54 (12568 turns).

juan097 the Fighter (Ogre Shapeshifter)            Turns: 12568, Time: 00:26:55

HP:   -1/107 (115)  AC:  6    Str: 25    XL:     11   Next: 16%
MP:   11/11         EV: 15    Int:  9    God:    Ru [***...]
Gold: 568           SH:  0    Dex:  9    Spells: 10/10 levels left

rFire   . .          .
                       - Unarmed
rCold   . . .        (no shield)
rNeg    . . .        M - +0 steam dragon scales
rPois   .            (helmet currently unavailable)
rElec   .            x - melded +0 cloak
rCorr   +            (gloves unavailable)
SInv    .            (boots unavailable)
Will    +....        (no amulet)
Stlth   +            H - ring of resist corrosion
HPRegen 0.37/turn    E - +5 ring of evasion
MPRegen 0.12/turn

%: no passive effects
@: exhausted, beast-form, overwhelmed with horror, drained, unable to read
A: beast (slay +4), large, unfitting armour, tough skin 1, inability to read
after injury 2, cowardly, unskilled 1
a: Begin Untransformation, Renounce Religion, Draw Out Power


You were on level 11 of the Dungeon.
You worshipped Ru.
Ru was most pleased with you.
You were a hulking beast.
You visited 3 branches of the dungeon, and saw 13 of its levels.

You collected 568 gold pieces.

Inventory:

Hand Weapons
 b - a +0 shortbow
Missiles
 h - 8 boomerangs
 r - 28 poisoned darts (quivered)
 D - 2 javelins
 O - a curare-tipped dart
Armour
 a - the +2 robe "Qiujuy" {+Blink Fly Stlth+}
   (You found it on level 2 of the Dungeon)

   Fly:       It grants you flight.
   +Blink:    It lets you blink.
   Stlth:     It makes you more stealthy.
 m - the +1 robe "Wonugaj" {rC++ Int-2}
   (You found it on level 2 of the Dungeon)

   Int:       It affects your intelligence (-2).
   rC:        It greatly protects you from cold.
 x - a +0 cloak (melded)
 I - a +1 robe of fire resistance
 M - +0 steam dragon scales (worn)
Jewellery
 e - a +6 ring of intelligence
 E - a +5 ring of evasion (right hand)
 H - a ring of resist corrosion (left hand)
Talismans
 c - a beast talisman
 q - a serpent talisman
Wands
 u - a wand of mindburst (8)
 B - a wand of paralysis (10)
 G - a wand of flame (5)
Scrolls
 d - 2 scrolls of revelation
 g - a scroll of enchant weapon
 j - 5 scrolls of teleportation
 k - a scroll of fog
 o - a scroll of immolation
 t - 6 scrolls of blinking
 y - a scroll of amnesia
 C - a scroll of brand weapon
 J - a scroll of poison {unknown}
 N - a scroll of enchant armour {unknown}
Potions
 f - 6 potions of curing {unknown}
 i - 3 potions of resistance
 l - a potion of cancellation
 n - 3 potions of haste
 p - 4 potions of magic {unknown}
 s - 3 potions of lignification
 v - a potion of degeneration {unknown}
 w - 2 potions of enlightenment {unknown}
 z - a potion of berserk rage {unknown}
 A - a potion of brilliance {unknown}
 F - a potion of heal wounds {unknown}
 L - a potion of mutation {unknown}
 P - a potion of attraction {unknown}


   Skills:
 + Level 9.4 Fighting
 + Level 3.0 Throwing
 - Level 4.0 Dodging
 + Level 8.7 Unarmed Combat
 - Level 4.0 Evocations
 + Level 6.8 Shapeshifting


You had 10 spell levels left.
You didn't know any spells.
Your spell library contained the following spells:

 Spells                   Type           Power      Damage    Failure   Level
 Freeze                   Ice            0%         1d3       38%         1
 Frozen Ramparts          Ice            0%         1d1       77%         3
 Hailstorm                Conj/Ice       0%         3d3       77%         3


Dungeon Overview and Level Annotations

Branches:
Dungeon (11/15)            Temple (1/1) D:4             Orc (1/2) D:9
   Lair: D:8-11

Altars:
Ashenzari
Cheibriados
Dithmenos
Elyvilon
Fedhas
Gozag
Hepliaklqana
Makhleb
Nemelex Xobeh
Okawaru
Qazlal
Ru
Sif Muna
Trog
Uskayaw
Vehumet
Wu Jian
Xom
Yredelemnul
Zin
The Shining One

Shops:
D:5 (

Annotations:
D:6 2 transporters, osoart's ghost, novice TrSh
D:7 2 transporters, Shard1697's ghost, novice AtGl
D:10 Erolcha
Orc:1 Maurice


Innate Abilities, Weirdness & Mutations

You are a hulking beast.
Your limbs bulge with bestial killing power. (Slay +4)
You are too large for most types of armour.
You have tough skin. (AC +1)
You sometimes lose the ability to read scrolls when taking damage.
Your cowardice makes you less effective in combat with threatening foes.
You are somewhat unskilled. (-1 Apt)


Message History

You redirect the ynoxinul's attack!
The kobold misses you. The kobold brigand barely misses you.
The kobold demonologist closely misses you.
The crimson imp hits you but does no damage.
You are restored by drawing out deep reserves of power within.
You feel drained.
The iron imp is stunned by your conviction and fails to attack.
The ynoxinul gestures.
The kobold hits you but does no damage.
The kobold brigand hits you but does no damage.
The kobold demonologist hits you with a +0 dagger.
The crimson imp hits you but does no damage.
The crimson imp begins to attack, but is stunned by your conviction!
You hit the kobold demonologist.
The kobold demonologist is heavily wounded.
The iron imp hits you. The kobold closely misses you.
The kobold barely misses you.
The kobold demonologist begins to cast a spell, but is stunned by your conviction!
The kobold brigand hits you with a +0 short sword.
You hit the kobold demonologist.
The kobold demonologist is severely wounded.
The sixfirhy hits you. The sixfirhy shocks you!
You redirect the sixfirhy's attack!
The sixfirhy closely misses the kobold brigand.
The sixfirhy hits you. The sixfirhy shocks you!
* * * LOW HITPOINT WARNING * * *
The crimson imp hits you but does no damage.
The crimson imp closely misses you. The sixfirhy completely misses you.
The iron imp closely misses you.
You punch the kobold demonologist!
The kobold demonologist is almost dead.
The sixfirhy hits you but does no damage.
The sixfirhy hits you!
* * * LOW HITPOINT WARNING * * *
The sixfirhy shocks you!
* * * LOW HITPOINT WARNING * * *
The sixfirhy barely misses you. The kobold hits you with a +0 whip.
* * * LOW HITPOINT WARNING * * *
The kobold brigand hits you with a +0 short sword.
You die...

##..#
#####.#####
#.........#
#.........#
#.........#
#.........#
##.....5)..#
......K53..#
###....5hK3.#
#....5KK5.#
#.....5...#
#.........#
########.##
.# ##


You could see a kobold demonologist, a sixfirhy (summoned), a ynoxinul
(summoned), a kobold brigand, an iron imp (summoned), 2 crimson imps, 3 ufetubi
and 2 kobolds.

Vanquished Creatures
  A two-headed ogre (D:9)
  Pikel (D:4)
  Psyche (D:10)
  A troll (D:9)
  Grinder (D:4)
  A shadow (D:11)
  A yak (D:10)
  3 steam dragons
  2 wyverns
  A warg (D:9)
  An acid dragon (D:9)
  7 orc warriors
  4 ice beasts
  3 phantoms
  7 centaurs
  3 lemures
  5 kobold brigands
  3 bullfrogs
  A gnoll sergeant (D:9)
  8 scorpions
  9 wights
  3 killer bees (D:7)
  A howler monkey (D:5)
  A crimson imp (D:7)
  7 orc priests
  Crazy Yiuf (D:6)
  3 hounds
  A jelly (D:5)
  Jessica (D:3)
  9 orc wizards
  4 iguanas
  4 gnolls
  12 adders
  A shadow imp (D:6)
  2 white imps
  An ufetubus (D:5)
  4 dart slugs
  42 orcs
  6 ball pythons
  A bat (D:2)
  7 endoplasms
  2 giant cockroaches
  7 goblins
  5 hobgoblins
  5 jackals (D:3)
  2 quokkas
  3 frilled lizards
  20 kobolds
  4 rats
223 creatures vanquished.

Vanquished Creatures (others)
  A wyvern (D:10)
1 creature vanquished.

Grand Total: 224 creatures vanquished

Notes
Turn   | Place    | Note
-------+----------+-------------------------------------------
     0 | D:1      | juan097 the Ogre Shapeshifter began the quest for the Orb.
     0 | D:1      | Reached XP level 1. HP: 19/19 MP: 1/1
   153 | D:1      | Reached XP level 2. HP: 28/28 MP: 2/2
   290 | D:1      | Reached skill level 2 in Fighting
   789 | D:2      | Reached XP level 3. HP: 35/35 MP: 3/3
   800 | D:2      | Identified the +1 robe "Wonugaj" {rC++ Int-2}
   903 | D:2      | Identified the +2 robe "Qiujuy" {+Blink Fly Stlth+}
  1571 | D:3      | You are sucked into a shaft and drop 3 floors!
  1572 | D:6      | Noticed an ice beast
  1604 | D:6      | Reached XP level 4. HP: 36/44 MP: 4/4
  1623 | D:6      | Reached skill level 3 in Fighting
  1722 | D:6      | Reached XP level 5. HP: 42/53 MP: 5/5
  1976 | D:6      | Noticed a centaur
  1987 | D:6      | Killed a centaur
  1988 | D:6      | Reached skill level 4 in Fighting
  1988 | D:6      | Reached XP level 6. HP: 29/62 MP: 6/6
  2132 | D:6      | Found a runed translucent door.
  2133 | D:6      | Noticed Crazy Yiuf
  2194 | D:6      | Noticed an orc warrior
  2243 | D:5      | Entered Level 5 of the Dungeon
  2772 | D:3      | Noticed Jessica
  2776 | D:3      | Killed Jessica
  2777 | D:3      | Reached skill level 5 in Unarmed Combat
  3073 | D:4      | Noticed Pikel
  3173 | D:4      | Found a staircase to the Ecumenical Temple.
  3182 | Temple   | Entered the Ecumenical Temple
  3205 | Temple   | Became a worshipper of Ru the Awakened
  3412 | D:4      | Noticed Grinder
  3553 | D:4      | Reached XP level 7. HP: 71/71 MP: 7/7
  3682 | D:4      | Found a shimmering blue altar of Sif Muna.
  3822 | D:4      | Reached skill level 1 in Evocations
  4020 | D:5      | Reached skill level 5 in Fighting
  4190 | D:5      | Found Poeceif's Antique Weapon Boutique.
  4669 | D:5      | Reached XP level 8. HP: 53/81 MP: 8/8
  4757 | D:5      | Gained mutation: You are somewhat unskilled. (-1 Apt) [Ru
                  | sacrifice]
  4757 | D:5      | Reduced skill Unarmed Combat to level 5
  4757 | D:5      | Reduced skill Evocations to level 1
  4757 | D:5      | Reached * piety under Ru
  4945 | D:4      | Found a radiant altar of Vehumet.
  4989 | D:4      | Paralysed by Pikel for 3 turns
  4992 | D:4      | Killed Grinder
  4999 | D:4      | Killed Pikel
  5000 | D:4      | Reached skill level 6 in Fighting
  5000 | D:4      | Reached skill level 5 in Shapeshifting
  5251 | D:4      | Found a glowing golden altar of the Shining One.
  5251 | D:4      | Found a white marble altar of Elyvilon.
  5251 | D:4      | Found a glowing silver altar of Zin.
  5459 | D:6      | Reached XP level 9. HP: 85/89 MP: 9/9
  5552 | D:6      | Found a transporter.
  5559 | D:6      | Noticed osoart's ghost (novice TrSh)
  5562 | D:6      | Identified the +0 ring mail of Fortitude {rCorr MP+9
                  | Stlth+}
  6696 | D:6      | Reached skill level 7 in Fighting
  6924 | D:6      | Found a transporter.
  7588 | D:6      | Killed Crazy Yiuf
  7761 | D:7      | Reached XP level 10. HP: 50/104 MP: 10/10
  8005 | D:7      | Noticed a moth of wrath
  8007 | D:7      | Noticed Shard1697's ghost (novice AtGl)
  8025 | D:7      | Found a transporter.
  8043 | D:7      | Found a transporter.
  8352 | D:7      | Reached skill level 8 in Fighting
  8808 | D:7      | Found a hazy altar of Hepliaklqana.
  9393 | D:8      | Gained mutation: You occasionally lose the ability to read
                  | scrolls when taking damage. [Ru sacrifice]
  9393 | D:8      | Gained mutation: You sometimes lose the ability to read
                  | scrolls when taking damage. [Ru sacrifice]
  9393 | D:8      | Reached ** piety under Ru
 10782 | D:9      | Noticed a two-headed ogre
 10991 | D:9      | Noticed a two-headed ogre
 11001 | D:9      | Killed a two-headed ogre
 11002 | D:9      | Reached skill level 1 in Throwing
 11593 | D:9      | Found a staircase to the Orcish Mines.
 11628 | D:9      | Reached skill level 9 in Fighting
 11742 | D:9      | Identified the +2 pair of gloves of Peek-a-Boo {rPois Str+3
                  | Int-3}
 11873 | Orc:1    | Entered Level 1 of the Orcish Mines
 11873 | Orc:1    | Noticed Maurice
 11873 | Orc:1    | Noticed an orc knight
 11881 | D:9      | Reached XP level 11. HP: 109/115 MP: 11/11
 11907 | D:10     | Entered Level 10 of the Dungeon
 11911 | D:10     | Gained mutation: Your cowardice makes you less effective in
                  | combat with threatening foes. [Ru sacrifice]
 11911 | D:10     | Reached *** piety under Ru
 11916 | D:10     | Noticed Psyche
 11923 | D:10     | Killed Psyche
 12098 | D:10     | Found a broken altar of Ashenzari.
 12161 | D:10     | Noticed Erolcha
 12181 | D:10     | Noticed a two-headed ogre
 12423 | D:11     | Found the +6 shillelagh "Devastator" {shatter}
 12561 | D:11     | Noticed a sixfirhy
 12568 | D:11     | HP: 4/107 [kobold/+0 whip (3)]
 12568 | D:11     | Slain by a kobold brigand

Illustrated notes

Levels and vault maps discovered:
D:1:      lightli_arrival_noodles, layout_loops_ring, hangedman_decor_opposing
D:2:      layout_basic
D:3:      layout_loops_ring, uniq_jessica
D:4:      layout_cave_pods, dreamdust_divine_triumvirate, kennysheep_mini_moat,
          nicolae_sif_muna_little_library, minmay_temple_entry_antechambers,
          amcnicky_mini_corridor_feature, uniq_grinder, uniq_pikel
D:5:      layout_loops_cross, serial_shops, shop
D:6:      layout_loops_ring, gammafunk_ghost_gnarly_gnolls, nzn_random_ring,
          uniq_crazy_yiuf_cottage
D:7:      layout_basic, mainiacjoe_overflow_alcove_1,
          gammafunk_ghost_berserking_beasts, minmay_fire_ice_demons
D:8:      layout_cave_pools
D:9:      layout_irregular_city, david_orc_1_choice, due_unseen_surprise
D:10:     layout_rooms, nicolae_ashenzari_panopticon,
          nicolae_overflow_crystal_walls, grunt_lair_entry_orc_guard_hut,
          biasface_ghost_orc_armoury, serial_rivers,
          chequers_serial_rivers_micro_c, chequers_serial_rivers_small_b,
          chequers_serial_rivers_room_b, chequers_serial_rivers_large_a,
          minmay_statue_crystal_thing, uniq_erolcha, uniq_psyche, uniq_grum
D:11:     layout_roguey, nemelex_spade_bored_becter, uniq_erica
Temple:   minmay_temple_curvy_branch
Orc:1:    layout_caves, ebering_ghost_gozag, serial_shops, shop, uniq_maurice

Skill      XL: |  1  2  3  4  5  6  7  8  9 10 11 |
---------------+----------------------------------+-----
Unarmed Combat | 3 4 5 6 5 6 8 |  8.7
Fighting       | 2 3 4 5 6 7 9 |  9.4
Shapeshifting  | 4 5 6 |  6.8
Evocations     | 2 4 |  4.0
Dodging        | 3 4 |  4.0
Throwing       | 2 3 |  3.0

Action                     |  1- 3 |  4- 6 |  7- 9 | 10-12 || total
---------------------------+-------+-------+-------+-------++-------
  Melee: Unarmed           |    80 |   114 |   224 |   294 ||   712
         Punch             |     2 |     2 |     6 |     8 ||    18
   Fire: Shortbow          |       |    47 |    99 |    63 ||   209
  Throw: Dart              |       |       |    20 |     8 ||    28
 Invoke: Sacrifice Skill   |       |       |     1 |       ||     1
         Sacrifice Words   |       |       |       |     1 ||     1
         Draw Out Power    |       |       |       |     2 ||     2
         Sacrifice Courage |       |       |       |     1 ||     1
Ability: Begin Untransform |       |       |     1 |     1 ||     2
         Evoke Blink       |       |       |     1 |       ||     1
  Evoke: Wand              |       |       |     6 |     2 ||     8
    Use: Scroll            |       |       |     6 |     4 ||    10
   Stab: Sleeping          |     5 |     2 |       |       ||     7
         Invisible         |       |       |       |     1 ||     1
         Distracted        |       |       |       |     1 ||     1
 Armour: Animal skin       |     9 |       |       |       ||     9
         Robe              |    15 |    26 |    59 |    27 ||   127
         Steam dragon scal |       |       |       |    27 ||    27
  Dodge: Dodged            |    27 |    46 |    88 |   199 ||   360
   Form: Beast             |       |       |     1 |     1 ||     2

Table legend: (Time is in decaauts)
 A = Elapsed time spent in this place.
 B = Non-inter-level travel time spent in this place.
 C = Inter-level travel time spent in this place.
 D = Time resting spent in this place.
 E = Time spent auto-exploring this place.
 F = Levels seen in this place.
 G = Mean time per level.
                   A        B        C        D        E       F      G
               +--------+--------+--------+--------+--------+-----+--------+
         Total |  12498 |  11931 |    567 |    646 |   8928 |  13 |  961.4 |
       Dungeon |  12450 |  11926 |    524 |    646 |   8928 |  11 | 1131.8 |
        Temple |     45 |      2 |     43 |      0 |      0 |   1 |   45.0 |
  Orcish Mines |      1 |      1 |      0 |      0 |      0 |   1 |    1.0 |
               +--------+--------+--------+--------+--------+-----+--------+

Top non-repeatable levels by time:
     D:6: 2954 daAuts
     D:9: 1689 daAuts
     D:7: 1450 daAuts
     D:4: 1178 daAuts
     D:5: 1162 daAuts
     D:8: 1004 daAuts
     D:3: 841 daAuts
     D:2: 803 daAuts
     D:1: 716 daAuts
    D:11: 364 daAuts
    D:10: 284 daAuts
  Temple: 45 daAuts
   Orc:1: 1 daAuts
